 Dungeon Crawl Stone Soup version 0.29.0-4-gdea44cf6ec (webtiles) character file.

Game seed: 11551784375656293228

48 qw the Sneak (level 3, -1/28 HPs)
             Began as a Ghoul Enchanter on Sept 4, 2022.
             Slain by a hobgoblin (6 damage)
             ... led by Robin
             ... on level 2 of the Dungeon.
             The game lasted 00:00:44 (1397 turns).

qw the Sneak (Ghoul Enchanter)                      Turns: 1397, Time: 00:00:44

Health: -1/28      AC:  4    Str: 13    XL:     3   Next: 72%
Magic:  4/4        EV: 11    Int: 10    God:
Gold:   65         SH:  0    Dex:  9    Spells: 5/5 levels left

rFire   . . .      SeeInvis .     - Unarmed
rCold   + . .      Faith    .   (no shield)
rNeg    + + +      Spirit   .   c - +0 leather armour
rPois   inf        Reflect  .   (no helmet)
rElec   .          Harm     .   (no cloak)
rCorr   .          Rampage  .   g - +0 pair of gloves
Will    .....                   (no boots)
Stlth   ++........              (no amulet)
HPRegen 0.00/turn               (no ring)
MPRegen 0.09/turn               (no ring)

@: about to teleport, inhibited regen
A: claws 1, cold resistance 1, negative energy resistance 3, inhibited
regeneration, torment resistance 2, devour on kill
a: no special abilities


You were on level 2 of the Dungeon.
You visited 1 branch of the dungeon, and saw 2 of its levels.

You collected 65 gold pieces.


Innate Abilities, Weirdness & Mutations

You are immune to poison.
You have sharp fingernails.
Your flesh is cold resistant. (rC+)
You are immune to negative energy. (rN+++)
You do not regenerate when monsters are visible.
You are immune to unholy pain and torment.
You thrive by killing the living.


   Skills:
 - Level 1.0 Fighting
 - Level 0.8 Short Blades
 - Level 1.7 Dodging
 - Level 3.2 Stealth
 + Level 3.2 Unarmed Combat
 - Level 1.7 Spellcasting
 - Level 2.4 Hexes


You had 5 spell levels left.
You didn't know any spells.
Your spell library contained the following spells:

 Spells                   Type           Power      Damage    Failure   Level
 Ensorcelled Hibernation  Hex/Ice        6%         N/A       36%         2
 Confusing Touch          Hex            5%         N/A       41%         3
 Tukima's Dance           Hex            5%         N/A       41%         3
 Dazzling Flash           Conj/Hex       6%         N/A       58%         3

Inventory:

Missiles
 e - 3 boomerangs (quivered)
Armour
 c - a +0 leather armour (worn)
 g - a +0 pair of gloves (worn)
Scrolls
 b - a scroll of identify {unknown}
Potions
 a - a potion of curing
 d - 3 potions of might {unknown}

Dungeon Overview and Level Annotations

Branches:
Dungeon (2/15)

Altars:

Shops:
D:1 *

Annotations:
D:2 Robin


Message History

The hobgoblin hits you.
You closely miss the hobgoblin. The hobgoblin closely misses you.
You hit the hobgoblin but do no damage. The hobgoblin barely misses you.
You barely miss the hobgoblin. The hobgoblin barely misses you.
You barely miss the hobgoblin.
The goblin no longer looks unusually strong.
The hobgoblin no longer looks unusually strong.
The hobgoblin hits you.
You hit the hobgoblin. Your punch misses the hobgoblin.
The hobgoblin is almost dead.
The hobgoblin hits you.
You barely miss the hobgoblin.
The hobgoblin is almost dead.
The hobgoblin hits you but does no damage.
Robin roars a battlecry!
The goblins go into a battle-frenzy!
You barely miss the hobgoblin.
The hobgoblin is almost dead.
The hobgoblin hits you but does no damage.
You hit the hobgoblin but do no damage.
The hobgoblin is almost dead.
The goblin no longer looks unusually strong.
The hobgoblin hits you.
Robin's bangles clink loudly.
1394 ||| READING scroll of teleportation.
As you read the scroll of teleportation, it crumbles to dust.
You feel strangely unstable.
The hobgoblin hits you but does no damage.
You barely miss the hobgoblin.
The hobgoblin is almost dead.
The hobgoblin hits you.
You completely miss the hobgoblin.
The hobgoblin is almost dead.
You barely miss the hobgoblin.
The hobgoblin is almost dead.
The hobgoblin hits you.
You die...

###### #@##.#
#g##.#############
#gg...............
#g################
#g. .).. ......
#....... #......gg


You could see Robin, 2 hobgoblins and 2 goblins.

Vanquished Creatures
  A dart slug (D:1)
  5 bats
  3 endoplasms (D:1)
  A giant cockroach (D:1)
  11 goblins
  4 hobgoblins
  4 kobolds
  2 quokkas (D:1)
  3 ball pythons (D:1)
  5 frilled lizards (D:1)
  A rat (D:1)
40 creatures vanquished.

Notes
Turn   | Place    | Note
-------+----------+-------------------------------------------
     0 | D:1      | qw the Ghoul Enchanter began the quest for the Orb.
     0 | D:1      | Reached XP level 1. HP: 14/14 MP: 2/2
     0 | D:1      | 0 ||| qw: Version: 0.1-a-103-gd6f5d3a
     0 | D:1      | 0 ||| qw: Game counter: 5729
     0 | D:1      | 0 ||| qw: Always use a shield: true
     0 | D:1      | 0 ||| qw: God list: Okawaru
     0 | D:1      | 0 ||| qw: Allow faded altars: false
     0 | D:1      | 0 ||| qw: Do Orc after D:15 true
     0 | D:1      | 0 ||| qw: Do second Lair branch before Depths: true
     0 | D:1      | 0 ||| qw: Lair rune preference: random
     0 | D:1      | 0 ||| qw: Plans: Normal
     0 | D:1      | 0 ||| PLANNING D:1-11
     1 | D:1      | 1 ||| DROPPING +1 dagger.
     7 | D:1      | Found Cyro's Assorted Antiques.
    15 | D:1      | 15 ||| SHOPLISTING leather armour (54 gold, have 0).
    15 | D:1      | 15 ||| SHOPLISTING scroll labelled GENAMM ARUGUGA (27 gold,
                  | have 0).
    15 | D:1      | 15 ||| SHOPLISTING scroll labelled WUSYSH UQAU (27 gold,
                  | have 0).
    22 | D:1      | 22 ||| Stepping ~*~*~tactically~*~*~ (stealth).
    23 | D:1      | 23 ||| Stepping ~*~*~tactically~*~*~ (stealth).
    24 | D:1      | 24 ||| Stepping ~*~*~tactically~*~*~ (stealth).
    25 | D:1      | 25 ||| Stepping ~*~*~tactically~*~*~ (stealth).
    26 | D:1      | 26 ||| Stepping ~*~*~tactically~*~*~ (stealth).
    29 | D:1      | 29 ||| Stepping ~*~*~tactically~*~*~ (stealth).
    30 | D:1      | 30 ||| Stepping ~*~*~tactically~*~*~ (stealth).
    31 | D:1      | 31 ||| Stepping ~*~*~tactically~*~*~ (stealth).
    33 | D:1      | 33 ||| Stepping ~*~*~tactically~*~*~ (stealth).
    35 | D:1      | 35 ||| Stepping ~*~*~tactically~*~*~ (stealth).
    60 | D:1      | Reached skill level 1 in Unarmed Combat
    63 | D:1      | HP: 3/14 [ball python (2)]
   279 | D:1      | Reached skill level 1 in Fighting
   279 | D:1      | Reached XP level 2. HP: 20/23 MP: 3/3
   575 | D:1      | 575 ||| Stepping ~*~*~tactically~*~*~ (stealth).
   577 | D:1      | 577 ||| Stepping ~*~*~tactically~*~*~ (stealth).
   579 | D:1      | 579 ||| Stepping ~*~*~tactically~*~*~ (stealth).
   591 | D:1      | 591 ||| READING scroll labelled COECVE ZAEPHALL.
   609 | D:1      | 609 ||| DROPPING 2 potions of invisibility.
   610 | D:1      | 610 ||| Stepping randomly (stuck).
   611 | D:1      | 611 ||| Stepping randomly (stuck).
   726 | D:1      | Reached XP level 3. HP: 9/28 MP: 4/4
  1023 | D:1      | Found a faded altar of an unknown god.
  1032 | D:1      | 1032 ||| Stepping ~*~*~tactically~*~*~ (stealth).
  1033 | D:1      | 1033 ||| Stepping ~*~*~tactically~*~*~ (stealth).
  1187 | D:1      | 1187 ||| UPGRADING to +0 leather armour.
  1197 | D:1      | 1197 ||| DROPPING +0 robe.
  1198 | D:1      | 1198 ||| UPGRADING to +0 pair of gloves.
  1203 | D:1      | 1203 ||| READING scroll labelled HIHORI CAAB.
  1204 | D:1      | 1204 ||| DRINKING 2 lumpy grey potions.
  1205 | D:1      | 1205 ||| DRINKING 2 fizzy black potions.
  1206 | D:1      | 1206 ||| DROPPING potion of magic.
  1352 | D:2      | Reached skill level 3 in Unarmed Combat
  1352 | D:2      | Noticed Robin
  1353 | D:2      | 1353 ||| Stepping ~*~*~tactically~*~*~ (hiding).
  1354 | D:2      | 1354 ||| Stepping ~*~*~tactically~*~*~ (stealth).
  1393 | D:2      | HP: 7/28 [hobgoblin[Robin] (2)]
  1394 | D:2      | 1394 ||| READING scroll of teleportation.
  1397 | D:2      | Slain by a hobgoblin

Levels and vault maps discovered:
D:1:      eino_arrival_tree_alley, layout_rooms,
          chequers_ecumenical_altar_simple_redux, serial_shops,
          nicolae_square_shop, fountainhead,
          nicolae_concentric_dashed_squares_mild
D:2:      layout_basic, uniq_sigmund, uniq_robin

Skill      XL: |  1  2  3 |
---------------+----------+-----
Unarmed Combat | 1 2 3 |  3.2
Fighting       | 1 |  1.0
Short Blades   | |  0.8
Dodging        | |  1.7
Stealth        | |  3.2
Spellcasting   | |  1.7
Hexes          | |  2.4

Action                   || total
-------------------------++-------
Melee: Unarmed           ||   124
Throw: Boomerang         ||    31
  Use: Scroll            ||     3
       Potion            ||     2
 Stab: Distracted        ||     1
Armor: Robe              ||    16
       Leather armour    ||     5
Dodge: Dodged            ||    64

Table legend:
 A = Non-vault XP
 B = Vault XP
 C = Vault XP percentage of total XP
 D = Non-vault monster count
 E = Vault monster count
 F = Vault count percentage of total count
                 A         B        C        D         E       F
            +---------+---------+-------+---------+---------+-------
      Total |      55 |      14 |  20.3 |      32 |       8 |  20.0
            +---------+---------+-------+---------+---------+-------
        D:1 |      48 |       0 |   0.0 |      28 |       0 |   0.0
        D:2 |       7 |      14 |  66.7 |       4 |       8 |  66.7
            +---------+---------+-------+---------+---------+-------
